3R
ELLESMERE ISLAND SNOWPEOPLE @ TWINSBURG TIGERS
08/18/2038
 
TOP OF THE 1ST
Ellesmere Island Snowpeople batting - Pitching for Twinsburg Tigers : RHP Hsiao-lou Lei
Pitching: RHP Hsiao-lou Lei
Batting: RHB Juan Barrón 0-0: Fly out, F7 (Flyball, 78M, EV 78.1 MPH)
Batting: RHB Tony Wood 0-0: Ball
1-0: Reached on error, E6 (Groundball, 6MS, EV 85.6 MPH)
Batting: SHB Blaine Callahan 0-0: Ball
1-0: Swinging Strike
1-1: Swinging Strike
1-2: SINGLE (Groundball, 6MD, EV 107.5 MPH)
Tony Wood to third
Batting: LHB Qi-zhen Shen 0-0: Foul Ball, location: 2F
0-1: Foul Ball, location: 2F
0-2: Ball
1-2: Foul Ball, location: 2F
1-2: SINGLE (Groundball, 34D, EV 95.0 MPH)
Tony Wood scores
Blaine Callahan to second
Runner from 2nd tries for 3rd, SAFE, no throw by RF
Batting: SHB Alan Campbell 0-0: Ball
1-0: Called Strike
1-1: Foul Ball, location: 2F
1-2: Fly out, F9 (Flyball, 9D, EV 90.0 MPH)
Runner from 3rd tags up, SCORES, no throw by RF
Batting: RHB Ramiro Castillo 0-0: Swinging Strike
0-1: Swinging Strike
0-2: Ball
1-2: Foul Ball, location: 2F
1-2: Foul Ball, location: 2F
1-2: Strikes out swinging
Top of the 1st over - 2 runs, 2 hits, 1 error, 1 left on base; Ellesmere Island 2 - Twinsburg 0
BOTTOM OF THE 1ST
Twinsburg Tigers batting - Pitching for Ellesmere Island Snowpeople : RHP Dave Becker
Pitching: RHP Dave Becker
Batting: LHB Juan Santángel 0-0: Ground out U3 (Groundball, 3, EV 80.6 MPH)
Batting: RHB Cristo Correa Jr. 0-0: Called Strike
0-1: Foul Ball, location: 2F
0-2: Foul Ball, location: 2F
0-2: Foul Ball, location: 2F
0-2: Foul Ball, location: 2F
0-2: Strikes out looking
Batting: RHB Charlie Cummings 0-0: Ball
1-0: Called Strike
1-1: Ball
2-1: Fly out, F7 (Flyball, 7S, EV 77.5 MPH)
Bottom of the 1st over - 0 runs, 0 hits, 0 errors, 0 left on base; Ellesmere Island 2 - Twinsburg 0
TOP OF THE 2ND
Ellesmere Island Snowpeople batting - Pitching for Twinsburg Tigers : RHP Hsiao-lou Lei
Batting: RHB Francisco Rocha 0-0: Ball
1-0: Foul Ball, location: 2F
1-1: Ball
2-1: Ball
3-1: Fly out, F3 (Popup, 3F, EV 80.0 MPH)
Batting: RHB Bill Wells 0-0: Foul Ball, location: 2F
0-1: Ball
1-1: Fly out, F8 (Line Drive, 8RM, EV 98.1 MPH)
Batting: LHB Edward Kisiner 0-0: Bunt for hit to 15S - play at first, batter OUT! 1-3
Top of the 2nd over - 0 runs, 0 hits, 0 errors, 0 left on base; Ellesmere Island 2 - Twinsburg 0
BOTTOM OF THE 2ND
Twinsburg Tigers batting - Pitching for Ellesmere Island Snowpeople : RHP Dave Becker
Batting: LHB Bobby O'Kennedy 0-0: Ball
1-0: Ball
2-0: Ball
3-0: Base on Balls
Batting: RHB Raffaello Dichio 0-0: Foul Ball, location: 2F
0-1: Ball
1-1: Ball
2-1: Grounds into double play, 6-4-3 (Groundball, 6, EV 106.2 MPH)
Batting: RHB Jeff Camp 0-0: Foul Ball, location: 2F
0-1: Ground out 1-3 (Groundball, 23, EV 93.8 MPH)
Bottom of the 2nd over - 0 runs, 0 hits, 0 errors, 0 left on base; Ellesmere Island 2 - Twinsburg 0
TOP OF THE 3RD
Ellesmere Island Snowpeople batting - Pitching for Twinsburg Tigers : RHP Hsiao-lou Lei
Batting: RHB Juan Barrón 0-0: Called Strike
0-1: Ball
1-1: Ball
2-1: SINGLE (Groundball, 34D, EV 105.0 MPH)
Batting: RHB Tony Wood 0-0: Called Strike
0-1: Ball
Juan Barrón is caught stealing 2nd base 2-4
1-1: Called Strike
1-2: Ground out 3-1 (Groundball, 34, EV 84.4 MPH)
Batting: SHB Blaine Callahan 0-0: Called Strike
0-1: Swinging Strike
0-2: Strikes out swinging
Top of the 3rd over - 0 runs, 1 hit, 0 errors, 0 left on base; Ellesmere Island 2 - Twinsburg 0
BOTTOM OF THE 3RD
Twinsburg Tigers batting - Pitching for Ellesmere Island Snowpeople : RHP Dave Becker
Batting: RHB Roberto Méndez 0-0: Ground out 5-3 (Groundball, 56S, EV 83.1 MPH)
Batting: RHB John Jackson 0-0: Foul Ball, location: 2F
0-1: Ball
1-1: Ball
2-1: Swinging Strike
2-2: Ball
3-2: Ground out 6-3 (Groundball, 6, EV 103.8 MPH)
Batting: RHB Brian Myers 0-0: Called Strike
0-1: Called Strike
0-2: Ball
1-2: Strikes out swinging
Bottom of the 3rd over - 0 runs, 0 hits, 0 errors, 0 left on base; Ellesmere Island 2 - Twinsburg 0
TOP OF THE 4TH
Ellesmere Island Snowpeople batting - Pitching for Twinsburg Tigers : RHP Hsiao-lou Lei
Batting: LHB Qi-zhen Shen 0-0: Called Strike
0-1: Called Strike
0-2: Ball
1-2: Strikes out swinging
Batting: SHB Alan Campbell 0-0: Ball
1-0: Foul Ball, location: 2F
1-1: Ground out 6-3 (Groundball, 6, EV 104.4 MPH)
Batting: RHB Ramiro Castillo 0-0: Foul Ball, location: 2F
0-1: Foul Ball, location: 2F
0-2: Ball
1-2: Foul Ball, location: 2F
1-2: Foul Ball, location: 2F
1-2: Ball
2-2: Ball
3-2: Strikes out looking
Top of the 4th over - 0 runs, 0 hits, 0 errors, 0 left on base; Ellesmere Island 2 - Twinsburg 0
BOTTOM OF THE 4TH
Twinsburg Tigers batting - Pitching for Ellesmere Island Snowpeople : RHP Dave Becker
Batting: LHB Juan Santángel 0-0: Called Strike
0-1: Called Strike
0-2: Ball
1-2: Foul Ball, location: 2F
1-2: Strikes out swinging
Batting: RHB Cristo Correa Jr. 0-0: Called Strike
0-1: Swinging Strike
0-2: SINGLE (Groundball, 4D, EV 93.8 MPH)
Batting: RHB Charlie Cummings 0-0: Ball
1-0: Foul Ball, location: 2F
1-1: Fly out, F7 (Flyball, 7S, EV 94.4 MPH)
Batting: LHB Bobby O'Kennedy 0-0: Ball
1-0: Ball
2-0: Foul Ball, location: 2F
2-1: Ground out 4-3 (Groundball, 4, EV 79.4 MPH)
Bottom of the 4th over - 0 runs, 1 hit, 0 errors, 1 left on base; Ellesmere Island 2 - Twinsburg 0
TOP OF THE 5TH
Ellesmere Island Snowpeople batting - Pitching for Twinsburg Tigers : RHP Hsiao-lou Lei
Batting: RHB Francisco Rocha 0-0: Called Strike
0-1: Ball
1-1: Called Strike
1-2: Ball
2-2: Foul Ball, location: 2F
2-2: Strikes out looking
Batting: RHB Bill Wells 0-0: Ball
1-0: Ball
2-0: Ball
3-0: Base on Balls
Batting: LHB Edward Kisiner 0-0: Ball
1-0: Foul Ball, location: 2F
1-1: Ball
2-1: Foul Ball, location: 2F
2-2: Foul Ball, location: 2F
2-2: Strikes out swinging
Batting: RHB Juan Barrón 0-0: Ball
1-0: Foul Ball, location: 2F
1-1: Ball
Bill Wells is caught stealing 2nd base 2-4
Top of the 5th over - 0 runs, 0 hits, 0 errors, 0 left on base; Ellesmere Island 2 - Twinsburg 0
BOTTOM OF THE 5TH
Twinsburg Tigers batting - Pitching for Ellesmere Island Snowpeople : RHP Dave Becker
Batting: RHB Raffaello Dichio 0-0: Called Strike
0-1: Ground out 6-3 (Groundball, 6, EV 88.1 MPH)
Batting: RHB Jeff Camp 0-0: Foul Ball, location: 2F
0-1: Ball
1-1: Ball
2-1: Foul Ball, location: 2F
2-2: Fly out, F9 (Flyball, 9S, EV 78.8 MPH)
Batting: RHB Roberto Méndez 0-0: Foul Ball, location: 2F
0-1: Ball
1-1: Foul Ball, location: 2F
1-2: Fly out, F9 (Flyball, 9, EV 98.8 MPH)
Bottom of the 5th over - 0 runs, 0 hits, 0 errors, 0 left on base; Ellesmere Island 2 - Twinsburg 0
TOP OF THE 6TH
Ellesmere Island Snowpeople batting - Pitching for Twinsburg Tigers : RHP Hsiao-lou Lei
Batting: RHB Juan Barrón 0-0: Ball
1-0: Ball
2-0: Called Strike
2-1: Foul Ball, location: 2F
2-2: Strikes out swinging
Batting: RHB Tony Wood 0-0: Ball
1-0: Called Strike
1-1: Ball
2-1: Fly out, F8 (Flyball, 8LM, EV 83.8 MPH)
Batting: SHB Blaine Callahan 0-0: Swinging Strike
0-1: Ball
1-1: Swinging Strike
1-2: Strikes out swinging
Top of the 6th over - 0 runs, 0 hits, 0 errors, 0 left on base; Ellesmere Island 2 - Twinsburg 0
BOTTOM OF THE 6TH
Twinsburg Tigers batting - Pitching for Ellesmere Island Snowpeople : RHP Dave Becker
Batting: RHB John Jackson 0-0: Called Strike
0-1: Foul Ball, location: 2F
0-2: Ball
1-2: SINGLE (Groundball, 34D, EV 104.4 MPH)
Batting: RHB Brian Myers 0-0: Swinging Strike
0-1: Ball
1-1: Ball
2-1: SINGLE (Groundball, 56S, EV 73.1 MPH) (infield hit)
John Jackson to second
Batting: LHB Juan Santángel 0-0: Ball
1-0: Called Strike
1-1: Ball
2-1: Swinging Strike
2-2: Foul Ball, location: 2F
2-2: SINGLE (Groundball, 6, EV 97.5 MPH) (infield hit)
John Jackson to third
Brian Myers to second
Batting: RHB Cristo Correa Jr. 0-0: Foul Ball, location: 2F
0-1: Foul Ball, location: 2F
0-2: Ball
1-2: Ball
2-2: Foul Ball, location: 2F
2-2: Strikes out swinging
Batting: RHB Charlie Cummings 0-0: Called Strike
0-1: Ball
1-1: Ball
2-1: SINGLE (Flyball, 9LS, EV 96.9 MPH)
John Jackson scores
Brian Myers to third
Juan Santángel to second
Runner from 3rd tries for Home, throw by RF and OUT! 9-2
Batting: LHB Bobby O'Kennedy 0-0: Ball
1-0: Foul Ball, location: 2F
1-1: Ball
2-1: Foul Ball, location: 2F
2-2: DOUBLE (Line Drive, 9LM, EV 106.2 MPH)
Juan Santángel scores
Charlie Cummings to third
Runner from 3rd tries for Home, SAFE, throw by RF to trailing runner, SAFE at third!
Batting: RHB Raffaello Dichio 0-0: Swinging Strike
0-1: Ball
1-1: Foul Ball, location: 2F
1-2: Fly out, F7 (Flyball, 7D, EV 103.1 MPH)
Bottom of the 6th over - 3 runs, 5 hits, 0 errors, 1 left on base; Ellesmere Island 2 - Twinsburg 3
TOP OF THE 7TH
Ellesmere Island Snowpeople batting - Pitching for Twinsburg Tigers : RHP Hsiao-lou Lei
Batting: LHB Qi-zhen Shen 0-0: Fly out, F8 (Flyball, 78M, EV 96.2 MPH)
Batting: SHB Alan Campbell 0-0: Foul Ball, location: 2F
0-1: Called Strike
0-2: Ball
1-2: Foul Ball, location: 2F
1-2: Foul Ball, location: 2F
1-2: Ball
2-2: Strikes out swinging
Batting: RHB Ramiro Castillo 0-0: Foul Ball, location: 2F
0-1: Foul Ball, location: 2F
0-2: Strikes out swinging
Top of the 7th over - 0 runs, 0 hits, 0 errors, 0 left on base; Ellesmere Island 2 - Twinsburg 3
BOTTOM OF THE 7TH
Twinsburg Tigers batting - Pitching for Ellesmere Island Snowpeople : RHP Dave Becker
Pitching: RHP Trevor Fawkes
Batting: RHB Jeff Camp 0-0: Ball
1-0: Called Strike
1-1: Called Strike
1-2: Foul Ball, location: 2F
1-2: Ground out 6-3 (Groundball, 6, EV 104.4 MPH)
Batting: RHB Roberto Méndez 0-0: Foul Ball, location: 2F
0-1: Foul Ball, location: 2F
0-2: Foul Ball, location: 2F
0-2: Hit by Pitch
Batting: RHB John Jackson 0-0: Fielders Choice at 2nd, 6-4 (Groundball, 56, EV 98.1 MPH)
Batting: RHB Brian Myers 0-0: Ball
1-0: Foul Ball, location: 2F
1-1: Ball
2-1: Ball
3-1: Foul Ball, location: 2F
3-2: Foul Ball, location: 2F
3-2: Foul Ball, location: 2F
3-2: SINGLE (Line Drive, 89M, EV 100.0 MPH)
John Jackson to second
John Jackson to third
Batting: LHB Juan Santángel 0-0: Ball
1-0: Called Strike
1-1: Ball
2-1: Fly out, F1 (Line Drive, P, EV 66.2 MPH)
Bottom of the 7th over - 0 runs, 1 hit, 0 errors, 2 left on base; Ellesmere Island 2 - Twinsburg 3
TOP OF THE 8TH
Ellesmere Island Snowpeople batting - Pitching for Twinsburg Tigers : RHP Hsiao-lou Lei
Pitching: RHP Henry Terry
Now at 1B: Sam Hamilton
Batting: RHB Francisco Rocha 0-0: Called Strike
0-1: Ball
1-1: Swinging Strike
1-2: Foul Ball, location: 2F
1-2: Ball
2-2: Strikes out swinging
Batting: RHB Bill Wells 0-0: Foul Ball, location: 2F
0-1: Ball
1-1: Foul Ball, location: 2F
1-2: Strikes out swinging
Batting: LHB Edward Kisiner 0-0: SINGLE (Line Drive, 34D, EV 100.0 MPH)
Batting: RHB Juan Barrón 0-0: Ball
1-0: Called Strike
1-1: Ball
2-1: Ball
3-1: Foul Ball, location: 2F
3-2: Foul Ball, location: 2F
3-2: Foul Ball, location: 2F
3-2: Strikes out swinging
Top of the 8th over - 0 runs, 1 hit, 0 errors, 1 left on base; Ellesmere Island 2 - Twinsburg 3
BOTTOM OF THE 8TH
Twinsburg Tigers batting - Pitching for Ellesmere Island Snowpeople : RHP Trevor Fawkes
Batting: RHB Cristo Correa Jr. 0-0: Ball
1-0: Foul Ball, location: 2F
1-1: Foul Ball, location: 2F
1-2: Ball
2-2: SINGLE (Groundball, 56D, EV 95.6 MPH)
Batting: RHB Charlie Cummings 0-0: Foul Ball, location: 2F
0-1: Ball
1-1: Swinging Strike
1-2: Ball
2-2: Strikes out swinging
Batting: LHB Bobby O'Kennedy 0-0: Ball
1-0: Ball
2-0: Ball
3-0: Called Strike
3-1: SINGLE (Groundball, 4D, EV 101.9 MPH)
Cristo Correa Jr. to second
Runner from 2nd tries for 3rd, SAFE, throw by CF made to third
Batting: RHB Raffaello Dichio 0-0: Called Strike
0-1: Foul Ball, location: 2F
0-2: Ball
Bobby O'Kennedy steals 2nd base
1-2: Ball
2-2: Ball
3-2: Intentional Walk
Batting: RHB Jeff Camp 0-0: Swinging Strike
0-1: Ball
1-1: Grounds into fielders choice 5-2 (Groundball, 5, EV 94.4 MPH)
Bobby O'Kennedy to third
Raffaello Dichio to second
Batting: RHB Roberto Méndez 0-0: Fly out, F6 (Flyball, 56D, EV 91.2 MPH)
Bottom of the 8th over - 0 runs, 2 hits, 0 errors, 3 left on base; Ellesmere Island 2 - Twinsburg 3
TOP OF THE 9TH
Ellesmere Island Snowpeople batting - Pitching for Twinsburg Tigers : RHP Henry Terry
Pitching: LHP Ramón Sánchez
Batting: RHB Tony Wood 0-0: Called Strike
0-1: Ground out 1-3 (Groundball, 34S, EV 88.8 MPH)
Batting: SHB Blaine Callahan 0-0: Ball
1-0: Swinging Strike
1-1: Foul Ball, location: 2F
1-2: Ball
2-2: Ball
3-2: Ground out 1-3 (Groundball, 34S, EV 80.0 MPH)
Batting: LHB Qi-zhen Shen 0-0: Swinging Strike
0-1: Ball
1-1: Swinging Strike
1-2: Strikes out swinging
Top of the 9th over - 0 runs, 0 hits, 0 errors, 0 left on base; Ellesmere Island 2 - Twinsburg 3
Friday, April 17th, 2020 - OOTP Baseball 20.8 Build 74